 Dungeon Crawl Stone Soup version 0.22.0-1-g6561e4c (webtiles) character file.

27 Gorglomux the Skirmisher (level 3, 0/30 HPs)
             Began as a Formicid Monk on Aug 12, 2018.
             Succumbed to an adder's poison
             ... on level 2 of the Dungeon.
             The game lasted 00:00:23 (892 turns).

Gorglomux the Skirmisher (Formicid Monk)             Turns: 892, Time: 00:00:24

Health: 0/30       AC:  2    Str: 16    XL:     3   Next: 25%
Magic:  3/3        EV: 13    Int:  9    God:
Gold:   50         SH:  0    Dex: 13    Spells: 2/2 levels left

rFire    . . .     SeeInvis +   a - +0 hand axe
rCold    . . .     Gourm    .   (no shield)
rNeg     . . .     Faith    .   b - +0 robe
rPois    .         Spirit   .   (helmet unavailable)
rElec    .         Reflect  .   (no cloak)
rCorr    .         Harm     .   (no gloves)
MR       .....                  (no boots)
Stlth    ++........             (no amulet)
HPRegen  0.10/turn              (no ring)
MPRegen  0.08/turn              (no ring)

@: lethally poisoned (0 -> -7), flying, invisible
A: permanent stasis, dig shafts and tunnels, four strong arms, antennae 3
a: Dig, Shaft Self


You were on level 2 of the Dungeon.
You were not hungry.

You visited 1 branch of the dungeon, and saw 2 of its levels.

You collected 50 gold pieces.

Inventory:

Hand Weapons
 a - a +0 hand axe (weapon)
Armour
 b - a +0 robe (worn)
Jewellery
 p - an uncursed ring of see invisible {unknown}
Scrolls
 d - 2 scrolls of teleportation {unknown}
 j - 2 scrolls of fog {unknown}
 m - a scroll of amnesia {unknown}
 n - 3 scrolls of identify {unknown}
 o - 2 scrolls of remove curse {unknown}
 q - a scroll of blinking {unknown}
Potions
 h - a potion of agility {unknown}
 i - a potion of curing {unknown}
 l - a potion of cancellation {unknown}
Comestibles
 c - 2 rations
 k - 6 chunks of flesh


   Skills:
 + Level 3.7 Fighting
 + Level 3.4 Axes
 + Level 1.5 Armour
 - Level 2.6 Dodging
 - Level 2.4 Stealth


You had 2 spell levels left.
You didn't know any spells.
Your spell library was empty.

Dungeon Overview and Level Annotations

Branches:
Dungeon (2/15)

Altars:


Innate Abilities, Weirdness & Mutations

You cannot be hasted, slowed, berserked, paralysed or teleported.
You can dig through walls and to a lower floor.
Your four strong arms can wield two-handed weapons with a shield.
You have a pair of large antennae on your head. (SInv)


Message History

You are too injured to fight recklessly!!!
You are too injured to fight recklessly!!!
You are too injured to fight recklessly!!!
You are too injured to fight butt-ly!!!
Unknown command!
Butt are too injured to fight recklessly!!!
You are too injured to fight recklessly!!!
You are too injured to fight butt-ly!!!
You are too injured to fight recklessly!!!
An adder is nearby!!!
It was a potion of flight!
You feel very buoyant!
You fly up into the air!
The adder bites you! * * * don't die
* * * You are more butt!
The adder poisons you!!! The adder butts you! * * * don't die
* * * It was a potion of invisibility!
You butt into invisibility!!! rip

{ { { { .. . #
###########.
#...@S?.....
#########.#...#..##.
#...........#.# #
#.###.#.#.#.....
#.##.............#
#####.##..#..........#
.........####....>.....
).......## ##[......##
.......## .......


You could see an adder.

Vanquished Creatures
  A worm (D:2)
  A leopard gecko (D:1)
  A bat (D:1)
  A giant cockroach (D:2)
  4 goblins
  2 hobgoblins (D:1)
  2 jackals (D:1)
  6 kobolds
  A ball python (D:2)
  A frilled lizard (D:1)
  2 rats
22 creatures vanquished.

Vanquished Creatures (others)
  11 toadstools (D:2)
11 creatures vanquished.

Grand Total: 33 creatures vanquished

Notes
Turn   | Place    | Note
-------+----------+-------------------------------------------
     0 | D:1      | Gorglomux the Formicid Monk began the quest for the Orb.
     0 | D:1      | Reached XP level 1. HP: 18/18 MP: 1/1
   150 | D:1      | Reached XP level 2. HP: 24/24 MP: 2/2
   241 | D:1      | Reached skill level 1 in Armour
   709 | D:2      | Reached XP level 3. HP: 30/30 MP: 3/3
   891 | D:2      | HP: 1/30 [adder (2)]
   892 | D:2      | Succumbed to an adder's poison

Skill      XL: |  1  2 |
---------------+-------+-----
Armour         | 1 |  1.5
Fighting       | |  3.7
Axes           | |  3.4
Dodging        | |  2.6
Stealth        | |  2.4

Action                   || total
-------------------------++-------
Melee: Hand axe          ||    69
  Use: Potion            ||     2
 Stab: Sleeping          ||     3
Armor: Robe              ||    15
Dodge: Dodged            ||    48
